 Dungeon Crawl Stone Soup version 0.32-a0-798-gfa783ce77f (webtiles) character file.

Game seed: 13676672238629521628

513 Essalna the Chiller (level 7, -1/57 HPs)
             Began as a Red Draconian Ice Elementalist on Mar 21, 2024.
             Was an Initiate of Vehumet.
             Slain by a quokka (4 damage)
             ... on level 5 of the Dungeon.
             The game lasted 00:07:52 (4967 turns).

Essalna the Chiller (DrIE)                          Turns: 4967, Time: 00:07:52

Health: -1/57      AC:  7    Str: 10    XL:     7   Next: 0%
Magic:  12/12      EV: 11    Int: 18    God:    Vehumet [......]
Gold:   130        SH:  0    Dex: 11    Spells: 9/13 levels left

rFire   + . .        (no weapon)
rCold   . . .        (no shield)
rNeg    . . .        (body armour unavailable)
rPois   .            (helmet restricted)
rElec   .            (no cloak)
rCorr   .            f - +0 pair of gloves
SInv    .            (no boots)
Will    .....        (no amulet)
Stlth   ++           (no ring)
HPRegen 0.29/turn    (no ring)
MPRegen 0.13/turn

%: no passive effects
@: no status effects
A: combustion breath, AC +6, unfitting armour, fire resistance 1, cold-blooded
a: Combustion Breath, Renounce Religion


You were on level 5 of the Dungeon.
You worshipped Vehumet.
Vehumet was noncommittal.
You visited 2 branches of the dungeon, and saw 6 of its levels.

You collected 130 gold pieces.

Inventory:

Armour
 f - a +0 pair of gloves (worn)
Jewellery
 l - a ring of flight
Scrolls
 b - a scroll of enchant weapon {unknown}
 e - 5 scrolls of identify {unknown}
 g - a scroll of poison {unknown}
 i - 4 scrolls of teleportation {unknown}
 k - a scroll of revelation {unknown}
 m - a scroll of fog {unknown}
Potions
 a - 2 potions of magic
 c - 2 potions of brilliance {unknown}
 d - a potion of might {unknown}
 h - 2 potions of degeneration {unknown}
 j - 4 potions of curing
 n - a potion of haste {unknown}
 o - a potion of enlightenment {unknown}


   Skills:
 + Level 3.5 Fighting
 - Level 1.7 Dodging
 - Level 1.7 Stealth
 + Level 3.7 Spellcasting
 + Level 5.6 Ice Magic


You had 9 spell levels left.
You knew the following spells:

 Your Spells              Type           Power      Damage    Failure   Level
a - Freeze                Ice            92%        1d9       1%          1
b - Frozen Ramparts       Ice            46%        1d7       4%          3

Your spell library contained the following spells:

 Spells                   Type           Power      Damage    Failure   Level
 Ozocubu's Armour         Ice            23%        N/A       4%          3
 Hailstorm                Conj/Ice       13%        3d6       14%         3
 Summon Ice Beast         Ice/Summ       13%        N/A       14%         3
 Summon Small Mammal      Summ           12%        N/A       16%         1
 Call Canine Familiar     Summ           3%         N/A       41%         3
 Summon Blazeheart Golem  Fire/Summ      3%         N/A       83%         4


Dungeon Overview and Level Annotations

Branches:
Dungeon (5/15)             Temple (1/1) D:4

Altars:
Ashenzari
Cheibriados
Fedhas
Gozag
Hepliaklqana
Kikubaaqudgha
Okawaru
Ru
Sif Muna
Trog
Uskayaw
Vehumet
Wu Jian
Xom
Yredelemnul
Zin


Innate Abilities, Weirdness & Mutations

You can breathe blasts of explosive embers.
Your fiery red scales are hard. (AC +6)
You cannot fit into any form of body armour.
Your flesh is heat resistant. (rF+)
You are cold-blooded and may be slowed by cold attacks.


Message History

The quokka bites you but does no damage.
The orc hits you with a +0 flail. The quokka barely misses you.
The orc barely misses you. The quokka misses you.
The quokka closely misses you. The orc barely misses you.
The quokka bites you but does no damage.
The orc hits you with a +0 flail.
* * * LOW HITPOINT WARNING * * *
The quokka bites you but does no damage.
The orc misses you.
The quokka bites you but does no damage.
The orc closely misses you. The quokka misses you.
The quokka closely misses you. The orc hits you but does no damage.
The quokka barely misses you. The orc barely misses you.
The quokka bites you but does no damage.
The orc misses you. The quokka barely misses you. The orc closely misses you.
The quokka bites you but does no damage.
The orc hits you with a +0 flail.
* * * LOW HITPOINT WARNING * * *
The quokka bites you.
* * * LOW HITPOINT WARNING * * *
The orc hits you with a +0 flail.
* * * LOW HITPOINT WARNING * * *
The quokka completely misses you.
The quokka bites you but does no damage.
The orc hits you with a +0 flail.
* * * LOW HITPOINT WARNING * * *
The quokka closely misses you. The orc hits you with a +0 flail.
* * * LOW HITPOINT WARNING * * *
The quokka closely misses you. The orc closely misses you.
The quokka bites you but does no damage.
The orc closely misses you.
The quokka bites you but does no damage. x2
The orc misses you. The quokka closely misses you. The orc closely misses you.
The quokka barely misses you. The orc hits you with a +0 flail!
* * * LOW HITPOINT WARNING * * *
The quokka bites you.
You die... ## . .# .. .. . .# ... #. o##.. #..# oOo

####.##..####o#
............@r##...
....##.............
....##..##.#.#...#.
.. #.....##.#.......
...#.....##.###...##
.............# .....
. ..#.....##..# ....
....####.###+## #+#
#......<.#


You could see an ogre, an orc priest, 3 orcs and a quokka.

Vanquished Creatures
  An ogre (D:4)
  A phantom (D:3)
  A bombardier beetle (D:3)
  An orc priest (D:3)
  2 iguanas (D:4)
  An orc wizard (D:3)
  Robin (D:2)
  9 adders
  A dart slug (D:2)
  2 ribbon worms (D:2)
  6 orcs (D:3)
  10 ball pythons
  8 endoplasms
  6 giant cockroaches
  14 goblins
  10 hobgoblins
  3 jackals (D:2)
  6 quokkas
  8 bats
  4 frilled lizards
  9 kobolds
  9 rats
113 creatures vanquished.

Notes
Turn   | Place    | Note
-------+----------+-------------------------------------------
     0 | D:1      | Essalna the Draconian Ice Elementalist began the quest for
                  | the Orb.
     0 | D:1      | Reached XP level 1. HP: 14/14 MP: 3/3
   323 | D:1      | Reached XP level 2. HP: 20/20 MP: 3/5
   659 | D:1      | Found a faded altar of an unknown god.
   933 | D:1      | Reached XP level 3. HP: 24/26 MP: 2/6
  1051 | D:1      | Learned a level 3 spell: Frozen Ramparts
  1377 | D:2      | Reached skill level 5 in Ice Magic
  1830 | D:2      | Noticed Robin
  1832 | D:2      | Reached XP level 4. HP: 31/33 MP: 3/7
  1838 | D:2      | Killed Robin
  2027 | D:2      | Reached skill level 1 in Fighting
  2517 | D:3      | Reached XP level 5. HP: 27/40 MP: 0/8
  2522 | D:3      | Reached skill level 6 in Ice Magic
  2872 | D:3      | Found a faded altar of an unknown god.
  3714 | D:3      | Reached XP level 6. HP: 50/50 MP: 8/10
  3747 | D:4      | Found an opulent altar of Gozag.
  4370 | D:4      | Found a staircase to the Ecumenical Temple.
  4411 | Temple   | Entered the Ecumenical Temple
  4428 | Temple   | Became a worshipper of Vehumet
  4739 | D:3      | Found an iron altar of Okawaru.
  4849 | D:4      | Your scales start taking on a fiery red colour.
  4849 | D:4      | Reduced skill Ice Magic to level 5
  4849 | D:4      | Reached XP level 7. HP: 57/57 MP: 9/12
  4849 | D:4      | Gained mutation: Your flesh is heat resistant. (rF+) [Red
                  | Draconian growth]
  4914 | D:5      | Entered Level 5 of the Dungeon
  4967 | D:5      | Slain by a quokka

Illustrated notes

Levels and vault maps discovered:
D:1:      dpeg_arrival_prison, layout_basic, ebering_ecumenical_altar_box
D:2:      minmay_angry_zag, layout_loops_ring, uniq_robin
D:3:      layout_basic, nicolae_overflow_ecumenical_swirl
D:4:      layout_loops_ring, mainiacjoe_overflow_boulevard,
          minmay_temple_entry_poolview
D:5:      layout_basic, mainiacjoe_overflow_24_doors, serial_shops, shop
Temple:   zaba_magenta_temple

Skill      XL: |  1  2  3  4  5  6 |
---------------+-------------------+-----
Ice Magic      | 5 6 5 |  5.6
Fighting       | 1 2 3 |  3.5
Spellcasting   | 3 |  3.7
Dodging        | |  1.7
Stealth        | |  1.7

Action                     |  1- 3 |  4- 6 |  7- 9 || total
---------------------------+-------+-------+-------++-------
  Melee: Unarmed           |    26 |    77 |       ||   103
         Tailslap          |     4 |    10 |       ||    14
         Punch             |       |     1 |       ||     1
   Cast: Freeze            |    60 |    84 |       ||   144
         Frozen Ramparts   |     3 |     9 |       ||    12
    Use: Potion            |       |     1 |       ||     1
   Stab: Sleeping          |     1 |       |       ||     1
 Armour: Skin              |    52 |   110 |    40 ||   202
  Dodge: Dodged            |    60 |    78 |    43 ||   181

Table legend: (Time is in decaauts)
 A = Elapsed time spent in this place.
 B = Non-inter-level travel time spent in this place.
 C = Inter-level travel time spent in this place.
 D = Time resting spent in this place.
 E = Time spent auto-exploring this place.
 F = Levels seen in this place.
 G = Mean time per level.
                   A        B        C        D        E       F      G
               +--------+--------+--------+--------+--------+-----+--------+
         Total |   4971 |   4696 |    275 |    164 |   3712 |   6 |  828.5 |
       Dungeon |   4936 |   4693 |    243 |    164 |   3712 |   5 |  987.2 |
        Temple |     34 |      2 |     32 |      0 |      0 |   1 |   34.0 |
               +--------+--------+--------+--------+--------+-----+--------+

Top non-repeatable levels by time:
     D:3: 1430 daAuts
     D:1: 1369 daAuts
     D:2: 1186 daAuts
     D:4: 897 daAuts
     D:5: 52 daAuts
  Temple: 34 daAuts
